 Dungeon Crawl Stone Soup version 0.28-a0-1447-ga5a8893891 (webtiles) character file.

Game seed: 14893270732987158538

133 cheechan the Digger (level 5, -8/31 HPs)
             Began as an Octopode Earth Elementalist on Jan 11, 2022.
             Mangled by a gnoll (13 damage)
             ... on level 3 of the Dungeon.
             The game lasted 00:07:35 (1808 turns).

cheechan the Digger (Octopode Earth Elementalist)   Turns: 1808, Time: 00:07:37

Health: -8/31      AC:  1    Str:  7    XL:     5   Next: 16%
Magic:  9/9        EV: 13    Int: 19    God:
Gold:   97         SH:  0    Dex: 13    Spells: 3/9 levels left

rFire   . . .      SeeInvis .   h - +5 dagger
rCold   + . .      Faith    .   (no shield)
rNeg    . . .      Spirit   .   (helmet restricted)
rPois   .          Reflect  .   (no amulet)
rElec   .          Harm     .   d - ring of protection from cold
rCorr   .          Rampage  .   (no ring)
Will    .....                   (no ring)
Stlth   +++.......              (no ring)
HPRegen 0.10/turn               (no ring)
MPRegen 0.11/turn               (no ring)
                                (no ring)
                                (no ring)

@: no status effects
A: almost no armour, amphibious, 8 rings, camouflage 1, gelatinous body 1,
(nimble swimmer 1), tentacles
a: no special abilities


You were on level 3 of the Dungeon.
You visited 1 branch of the dungeon, and saw 3 of its levels.

You collected 97 gold pieces.

Inventory:

Hand Weapons
 h - a +5 dagger (weapon)
Missiles
 b - 20 arrows
 i - 11 bolts
Jewellery
 d - a ring of protection from cold (left tentacle)
Scrolls
 g - a scroll of fear
Potions
 a - a potion of flight
 c - 2 potions of attraction {unknown}
 e - 2 potions of brilliance {unknown}
 f - 4 potions of curing {unknown}
 j - a potion of heal wounds {unknown}
 k - a potion of resistance {unknown}


   Skills:
 + Level 0.2 Fighting
 + Level 0.6 Short Blades
 + Level 2.2 Dodging
 + Level 3.4 Stealth
 + Level 2.9 Spellcasting
 + Level 1.0 Transmutations
 + Level 4.6 Earth Magic


You had 3 spell levels left.
You knew the following spells:

 Your Spells              Type           Power      Damage    Failure   Level
a - Sandblast             Erth           40%        2d10      2%          1
b - Passwall              Tmut/Erth      10%        N/A       8%          2
c - Stone Arrow           Conj/Erth      22%        3d8       19%         3

Your spell library contained the following spells:

 Spells                   Type           Power      Damage    Failure   Level
 Petrify                  Tmut/Erth      13%        N/A       43%         4


Dungeon Overview and Level Annotations

Branches:
Dungeon (3/15)

Altars:


Innate Abilities, Weirdness & Mutations

You cannot wear most types of armour.
You are amphibious.
You can wear up to eight rings at the same time.
Your skin changes colour to match your surroundings (Stealth+).
Your rubbery body absorbs attacks. (AC +1, EV +1)
((You are camouflaged when in or above water. (Stealth+)))
You have tentacles for arms and can constrict up to eight enemies at once.


Message History

A rat comes into view.
The rat moves out of view.
You see here 2 grey potions.
f - 4 grey potions (gained 2)
A gnoll comes into view. It is wielding a +0 halberd.
The gnoll moves out of view.
You barely miss the goblin. Your grab misses the goblin.
Your squeeze misses the goblin. The goblin barely misses you.
You hit the goblin.
You kill the goblin!
You see here a +0 dagger of electrocution.
The gnoll closely misses you.
You barely miss the gnoll. Your grab misses the gnoll. The gnoll misses you.
You hit the gnoll. You grab the gnoll. You squeeze the gnoll.
The gnoll is heavily wounded.
You constrict the gnoll. The gnoll misses you.
You hit the gnoll. You squeeze the gnoll.
You kill the gnoll!
A gnoll comes into view. It is wielding a +0 club.
Found a stone staircase leading up.
You see here a +0 halberd.
Found Plato's Guide on Snow.
Found a faded altar of an unknown god.
You closely miss the gnoll.
The gnoll shouts! x2
You grab the gnoll. You constrict the gnoll.
You hit the gnoll but do no damage.
The gnoll is lightly wounded.
You constrict the gnoll. The gnoll misses you.
You hit the gnoll. You squeeze the gnoll.
The gnoll is almost dead.
You constrict the gnoll, but do no damage.
The gnoll closely misses you.
The gnoll hits you from afar with a +0 halberd!
You hit the gnoll.
The gnoll is almost dead.
You constrict the gnoll, but do no damage.
The gnoll hits you with a +0 halberd!
* * * LOW HITPOINT WARNING * * *
The gnoll hits you from afar with a +0 halberd!
You die...

##.## #....##.. ##.#
##..P#....# #.# ...# #
#...#.##..###.<.
##.##.###..#.#.....#....
#.......)#.#.##........
##.##.###.#.#.#.........
..### # #.#.#.#_g.......
### #.###.#.#.#gg.......
#.....#.#.##@...#..
#.##...#.#.)^......#
#...)#.##^..#####
#.....#.....# #####
####...##..## .....
##......... #####
#####..#### #..# ..#


You could see 3 gnolls.

Vanquished Creatures
  A water moccasin skeleton (D:3)
  A gnoll (D:3)
  An adder (D:2)
  A worm (D:2)
  6 orcs (D:3)
  4 ball pythons
  5 endoplasms
  3 giant cockroaches
  7 goblins
  5 hobgoblins
  5 quokkas
  6 bats
  4 frilled lizards
  4 kobolds
  5 rats
58 creatures vanquished.

Vanquished Creatures (others)
  A fungus (D:3)
  2 plants (D:3)
3 creatures vanquished.

Grand Total: 61 creatures vanquished

Notes
Turn   | Place    | Note
-------+----------+-------------------------------------------
     0 | D:1      | cheechan the Octopode Earth Elementalist began the quest
                  | for the Orb.
     0 | D:1      | Reached XP level 1. HP: 11/11 MP: 3/3
   303 | D:1      | Reached XP level 2. HP: 17/17 MP: 3/5
   311 | D:1      | Learned a level 2 spell: Passwall
   594 | D:1      | Reached XP level 3. HP: 21/21 MP: 3/6
   882 | D:2      | Learned a level 3 spell: Stone Arrow
  1110 | D:2      | Reached skill level 4 in Earth Magic
  1259 | D:2      | Reached XP level 4. HP: 18/27 MP: 7/7
  1708 | D:3      | Reached XP level 5. HP: 19/31 MP: 9/9
  1804 | D:3      | Found a faded altar of an unknown god.
  1808 | D:3      | Mangled by a gnoll

Illustrated notes

Levels and vault maps discovered:
D:1:      dpeg_arrival_court, layout_basic
D:2:      layout_basic, lemuel_another_geyser
D:3:      layout_loops_ring, shapermc_ecumenical_altar_rom_forum,
          kennysheep_generic_room_14

Skill      XL: |  1  2  3 |
---------------+----------+-----
Stealth        | 3 |  3.4
Earth Magic    | 4 |  4.6
Fighting       | |  0.2
Short Blades   | |  0.6
Dodging        | |  2.2
Spellcasting   | |  2.9
Transmutations | |  1.0

Action                   |  1- 3 |  4- 6 || total
-------------------------+-------+-------++-------
Melee: Flail             |     6 |       ||     6
       Constrict         |     7 |     5 ||    12
       Dagger            |    16 |    25 ||    41
       Tentacles         |     4 |     9 ||    13
       Punch             |       |     2 ||     2
 Cast: Sandblast         |    40 |    10 ||    50
  Use: Scroll            |     5 |       ||     5
 Stab: Distracted        |     1 |       ||     1
Armor: Skin              |     2 |       ||     2
Dodge: Dodged            |    24 |    23 ||    47

Table legend: (Time is in decaauts)
 A = Elapsed time spent in this place.
 B = Non-inter-level travel time spent in this place.
 C = Inter-level travel time spent in this place.
 D = Time resting spent in this place.
 E = Time spent auto-exploring this place.
 F = Levels seen in this place.
 G = Mean time per level.
                   A        B        C        D        E       F      G
               +--------+--------+--------+--------+--------+-----+--------+
         Total |   1807 |   1807 |      0 |     10 |      0 |   3 |  602.3 |
       Dungeon |   1807 |   1807 |      0 |     10 |      0 |   3 |  602.3 |
               +--------+--------+--------+--------+--------+-----+--------+

Top non-repeatable levels by time:
     D:1: 869 daAuts
     D:2: 679 daAuts
     D:3: 258 daAuts
